 Dungeon Crawl Stone Soup version 0.27-a0-1548-gf8a67e7463 (webtiles) character file.

Game seed: 13537978581624751791

13704 BorisBritva the Protected (level 11, 0/112 HPs)
             Began as a Minotaur Gladiator on July 13, 2021.
             Was a Plaything of Xom.
             Slain by a flying skull (4 damage)
             ... on level 12 of the Dungeon.
             The game lasted 00:31:21 (11509 turns).

BorisBritva the Protected (Minotaur Gladiator)     Turns: 11509, Time: 00:31:21

Health: 0/112      AC: 17    Str: 22    XL:     11   Next: 79%
Magic:  0/10       EV: 15    Int:  5    God:    Xom [*.....]
Gold:   1936       SH:  0    Dex: 22    Spells: 10/10 levels left

rFire    + . .     SeeInvis +   t - +5 quarterstaff (chaos)
rCold    + + +     Faith    .   (shield currently unavailable)
rNeg     . . .     Spirit   +   B - +4 skin of Zhor {*Englaciate rC+++ SInv}
rPois    +         Reflect  .   (helmet unavailable)
rElec    .         Harm     .   u - +2 cloak
rCorr    .         Rampage  .   b - +0 pair of gloves
Will     +....     Clarity  +   (no boots)
Stlth    ++........             n - amulet of guardian spirit
HPRegen  0.28/turn              h - +6 ring of dexterity
MPRegen  0.12/turn              z - ring of willpower

@: mighty, on berserk cooldown, slowed, studying Dodging, very slow
A: horns 3, retaliatory headbutt, claws 1, talons 1, iridescent scales 2, agile
2, clarity, cold resistance 1, fire resistance 1, poison resistance, robust 1,
shaggy fur 1, wild magic 1, MP-powered wands
a: Renounce Religion


You were on level 12 of the Dungeon.
You worshipped Xom.
You were a special plaything of Xom.
You visited 1 branch of the dungeon, and saw 12 of its levels.

You collected 1936 gold pieces.

Inventory:

Hand Weapons
 t - a +5 quarterstaff of chaos (weapon)
Missiles
 H - a throwing net (quivered)
Armour
 b - a +0 pair of gloves (worn)
 u - a +2 cloak (worn)
 y - a +1 ring mail of cold resistance
 B - the +4 skin of Zhor (worn) {*Englaciate rC+++ SInv}
   (You found it on level 7 of the Dungeon)

   rC:        It renders you almost immune to cold.
   SInv:      It lets you see invisible.
Jewellery
 h - a +6 ring of dexterity (left hand)
 n - an amulet of guardian spirit (around neck)
 z - a ring of willpower (right hand)
 E - a +6 ring of intelligence
Wands
 d - a wand of paralysis (24)
 s - a wand of polymorph (1)
 w - a wand of digging (5)
 x - a wand of iceblast (5)
 F - a wand of flame (20)
Scrolls
 a - 3 scrolls of fear
 e - 8 scrolls of teleportation
 i - a scroll of vulnerability {unknown}
 k - a scroll of amnesia {unknown}
 l - a scroll of blinking {unknown}
 v - a scroll of fog {unknown}
 C - a scroll of summoning {unknown}
Potions
 c - a potion of lignification {unknown}
 f - 4 potions of curing
 o - 3 potions of magic
 p - a potion of degeneration {unknown}
 q - a potion of haste {unknown}
 r - 2 potions of flight
 A - a potion of cancellation {unknown}
 G - a potion of attraction {unknown}


   Skills:
 + Level 11.5 Fighting
 - Level 10.9(12.5) Polearms
 + Level 10.6(12.4) Staves
 - Level 2.0 Throwing
 * Level 12.4 Armour
 + Level 4.9 Dodging
 - Level 0.1 Stealth


You had 10 spell levels left.
You didn't know any spells.
Your spell library contained the following spells:

 Spells                   Type           Power      Damage    Failure   Level
 Call Canine Familiar     Summ           0%         N/A       89%         3
 Gell's Gravitas          Tloc           0%         N/A       89%         3
 Ozocubu's Armour         Ice            0%         N/A       89%         3
 Portal Projectile        Hex/Tloc       0%         N/A       89%         3
 Stone Arrow              Conj/Erth      0%         3d7       89%         3
 Teleport Other           Tloc           0%         N/A       89%         3
 Animate Armour           Summ/Erth      0%         N/A       99%         4
 Leda's Liquefaction      Hex/Erth       0%         N/A       99%         4
 Metabolic Englaciation   Hex/Ice        0%         N/A       100%        5
 Dispersal                Tloc           0%         N/A       100%        6
 Simulacrum               Ice/Necr       0%         N/A       100%        6
 Lehudib's Crystal Spear  Conj/Erth      0%         10d2      100%        8


Dungeon Overview and Level Annotations

Branches:
Dungeon (12/15)            Temple (0/1) D:6            Lair (0/6) D:9
    Orc: D:9-12

Altars:
Fedhas
Gozag
Kikubaaqudgha
Okawaru
Ru
Trog
Uskayaw
Xom
Yredelemnul

Shops:
D:9 *

Annotations:
D:8 exclusion: oklob plant
D:9 exclusion: oklob sapling
D:12 Jorgrun


Innate Abilities, Weirdness & Mutations

You have a pair of large horns on your head.
You reflexively headbutt those who attack you in melee.
You have sharp fingernails.
You have sharp toenails.
You are mostly covered in iridescent scales. (AC +4)
You are very agile. (Dex +4)
You possess an exceptional clarity of mind.
Your flesh is cold resistant. (rC+)
Your flesh is heat resistant. (rF+)
Your system is resistant to poisons. (rPois)
You are robust. (+10% HP)
You are covered in fur. (AC +1)
Your spells are a little harder to cast, but a little more powerful.
You expend magic power (3 MP) to strengthen your wands.


Message History

The flying skull barely misses you. You furiously retaliate!
You headbutt the flying skull! The flying skull barely misses you.
The flying skull hits you but does no damage. x2
The flying skull barely misses you. x2
You bludgeon Jorgrun!! Lightning courses through Jorgrun! You claw Jorgrun.
Your headbutt misses Jorgrun.
Jorgrun is severely wounded.
The flying skull hits you. x2; The flying skull closely misses you.
You furiously retaliate!
You headbutt the flying skull!
The skeletal warrior hits your butterfly with a +0 long sword!!
Your butterfly dies!
Jorgrun hits you with a staff of earth. The flying skull hits you. x2
You barely miss Jorgrun. Your kick misses Jorgrun.
Jorgrun is severely wounded.
The flying skull closely misses you. You furiously retaliate!
You headbutt the flying skull!!
You destroy the flying skull!
The flying skull hits you but does no damage.
The flying skull completely misses you. You furiously retaliate!
You headbutt the flying skull!!
You destroy the flying skull!
Jorgrun hits you with a staff of earth. Jorgrun shatters you!
* * * LOW HITPOINT WARNING * * *
The flying skull hits you but does no damage.
You closely miss Jorgrun. You headbutt Jorgrun!
Jorgrun is severely wounded.
The flying skull misses you. You furiously retaliate!
You headbutt the flying skull!!
You destroy the flying skull!
The flying skull hits you but does no damage.
Jorgrun casts a spell at you. You resist with some effort.
The flying skull completely misses you. You furiously retaliate!
You headbutt the flying skull!
The skeletal warrior hits you with a +0 long sword!!
* * * LOW HITPOINT WARNING * * *
You sock Jorgrun! You freeze Jorgrun. You claw Jorgrun! You headbutt Jorgrun.
Jorgrun is almost dead.
The flying skull hits you.
You die...
Xom chuckles heartily!

##########
###@z......#
##zzgz####..
#..zD.#
#......#
#.......
#...#....#
#.#.......
##.#.......
##..##..._.


You could see Jorgrun, a five-headed hydra, a skeletal warrior and 4 flying
skulls.

Vanquished Creatures
  A two-headed ogre (D:11)
  A death yak (D:9)
  Erica (D:9)
  Pikel (D:8)
  An ugly thing (D:11)
  An elephant (D:9)
  An unseen horror (D:11)
  A kobold demonologist (D:9)
  3 rime drakes (D:7)
  A hornet (D:9)
  2 trolls (D:11)
  9 flying skulls (D:12)
  A shadow (D:10)
  17 yaks
  A steam dragon (D:10)
  Menkaure (D:4)
  4 acid dragons
  A water moccasin (D:9)
  2 orc warriors
  3 black bears
  3 sky beasts
  An ice beast (D:6)
  3 necrophages
  3 ogres
  3 centaurs
  A phantom (D:6)
  3 lemures (D:8)
  2 kobold brigands
  A bullfrog (D:8)
  3 scorpions
  17 killer bees
  8 wights
  2 electric eels (D:6)
  A howler monkey (D:6)
  3 centaur zombies
  2 hounds
  Crazy Yiuf (D:4)
  5 orc priests
  A centaur skeleton (D:4)
  4 orc wizards
  A howler monkey zombie (D:7)
  2 howler monkey skeletons (D:5)
  6 adders
  9 gnolls (D:6)
  An ufetubus (D:6)
  3 dart slugs
  19 orcs
  7 ball pythons
  3 bats
  4 endoplasms
  2 giant cockroaches (D:2)
  36 goblins
  26 hobgoblins
  6 jackals
  15 kobolds
  4 quokkas
  2 frilled lizards (D:2)
  6 rats
272 creatures vanquished.

Vanquished Creatures (collateral kills)
  Grinder (D:4)
  4 killer bees (D:9)
  An orc wizard (D:9)
  An orc (D:9)
7 creatures vanquished.

Vanquished Creatures (others)
  A fungus (D:9)
  12 plants
13 creatures vanquished.

Grand Total: 292 creatures vanquished

Notes
Turn   | Place    | Note
-------+----------+-------------------------------------------
     0 | D:1      | BorisBritva the Minotaur Gladiator began the quest for the
                  | Orb.
     0 | D:1      | Reached XP level 1. HP: 18/18 MP: 0/0
    96 | D:1      | Reached XP level 2. HP: 24/25 MP: 1/1
   414 | D:1      | Reached skill level 1 in Armour
   499 | D:1      | Reached XP level 3. HP: 27/30 MP: 2/2
  1650 | D:3      | Reached skill level 2 in Armour
  1650 | D:3      | Reached XP level 4. HP: 37/38 MP: 3/3
  1891 | D:3      | Found a basalt altar of Yredelemnul.
  1897 | D:3      | Found an opulent altar of Gozag.
  1899 | D:3      | Found a shimmering altar of Xom.
  1920 | D:3      | Became a worshipper of Xom the Psychopath
  2289 | D:4      | Reached skill level 5 in Polearms
  2289 | D:4      | Reached skill level 3 in Armour
  2289 | D:4      | Reached XP level 5. HP: 45/45 MP: 4/4
  2303 | D:4      | Noticed a black bear
  2312 | D:4      | Killed a black bear
  2384 | D:4      | Found an ancient bone altar of Kikubaaqudgha.
  2458 | D:4      | Noticed Menkaure
  2461 | D:4      | XOM: silly message
  2466 | D:4      | Killed Menkaure
  2467 | D:4      | Reached skill level 4 in Armour
  2467 | D:4      | Reached XP level 6. HP: 20/51 MP: 2/5
  2673 | D:4      | Found a runed translucent door.
  2674 | D:4      | Noticed Crazy Yiuf
  2796 | D:4      | XOM: god gift: bubbling cyan potion {god gift}
  2862 | D:4      | Noticed Grinder
  2870 | D:4      | XOM: summons 4 friendly demons
  2874 | D:4      | Paralysed by Grinder for 7 turns
  2883 | D:4      | HP: 2/52 [Grinder/nerve-wracking pain (12)]
  2888 | D:4      | Killed Grinder
  2889 | D:4      | Reached skill level 5 in Armour
  2889 | D:4      | Reached XP level 7. HP: 3/59 MP: 1/6
  3192 | D:4      | XOM: swap monsters
  3315 | D:4      | Found a sacrificial altar of Ru.
  3329 | D:4      | XOM: divine lightning
  3337 | D:4      | XOM: give mutations
  3337 | D:4      | Gained mutation: You are agile. (Dex +2) [Xom's grace]
  3337 | D:4      | Gained mutation: You are covered in fur. (AC +1) [Xom's
                  | grace]
  3338 | D:4      | XOM: destruction
  3340 | D:4      | XOM: confuse monster(s)
  3343 | D:4      | XOM: noise
  3348 | D:4      | Reached skill level 6 in Armour
  3723 | D:4      | Killed Crazy Yiuf
  3818 | D:5      | Entered Level 5 of the Dungeon
  3953 | D:5      | XOM: cleaving
  4108 | D:5      | XOM: summons 5 friendly demons
  4118 | D:5      | XOM: god gift: 52 gold pieces
  4185 | D:5      | XOM: give mutations
  4185 | D:5      | Gained mutation: You have sharp toenails. [Xom's grace]
  4185 | D:5      | Gained mutation: You expend magic power (3 MP) to
                  | strengthen your wands. [Xom's grace]
  4225 | D:5      | XOM: god gift: pair of gloves {god gift}
  4255 | D:5      | Noticed a yak
  4256 | D:5      | Noticed a yak
  4256 | D:5      | Noticed a yak
  4271 | D:5      | XOM: confuse monster(s)
  4275 | D:5      | Killed a yak
  4276 | D:5      | Reached skill level 5 in Fighting
  4276 | D:5      | Reached XP level 8. HP: 54/68 MP: 5/7
  4284 | D:5      | Reached skill level 1 in Staves
  4284 | D:5      | Reached skill level 7 in Armour
  4303 | D:5      | XOM: god gift: scroll labelled NIMUUT JICIO {god gift}
  4530 | D:5      | XOM: give mutations
  4530 | D:5      | Gained mutation: You possess an exceptional clarity of
                  | mind. [Xom's grace]
  4530 | D:5      | Gained mutation: You have sharp fingernails. [Xom's grace]
  4569 | D:5      | XOM: god gift: runed onyx ring {god gift}
  4634 | D:5      | XOM: summons 1 hostile shadow creature
  4711 | D:5      | Reached skill level 8 in Armour
  5051 | D:6      | Reached XP level 9. HP: 75/75 MP: 8/8
  5102 | D:6      | Found a bloodstained altar of Trog.
  5153 | D:6      | XOM: divination: magic mapping
  5368 | D:6      | Reached skill level 10 in Polearms
  5368 | D:6      | Reached skill level 9 in Armour
  5491 | D:6      | XOM: cloud trail
  5927 | D:6      | Found a staircase to the Ecumenical Temple.
  6094 | D:6      | XOM: give mutations
  6094 | D:6      | Gained mutation: You have a pair of large horns on your
                  | head. [Xom's grace]
  6094 | D:6      | Gained mutation: Your system is resistant to poisons.
                  | (rPois) [Xom's grace]
  6094 | D:6      | Gained mutation: Your flesh is heat resistant. (rF+) [Xom's
                  | grace]
  6094 | D:6      | Gained mutation: You are very agile. (Dex +4) [Xom's grace]
  6303 | D:6      | XOM: enchant monster (bad)
  6895 | D:7      | Noticed a rime drake
  6896 | D:7      | Found the +4 skin of Zhor {*Englaciate rC+++ SInv}
  6931 | D:7      | Found an iron altar of Okawaru.
  7192 | D:7      | XOM: give mutation
  7192 | D:7      | Gained mutation: You are partially covered in iridescent
                  | scales. (AC +2) [Xom's grace]
  7296 | D:7      | XOM: give mutations
  7296 | D:7      | Gained mutation: Your spells are a little harder to cast,
                  | but a little more powerful. [Xom's grace]
  7296 | D:7      | Gained mutation: Your flesh is cold resistant. (rC+) [Xom's
                  | grace]
  7318 | D:7      | Noticed a rime drake
  7320 | D:7      | Noticed a rime drake
  7337 | D:7      | XOM: destruction
  7339 | D:7      | Killed a rime drake
  7340 | D:7      | Reached skill level 10 in Armour
  7343 | D:7      | Killed a rime drake
  7345 | D:7      | Killed a rime drake
  7476 | D:7      | XOM: give mutations
  7476 | D:7      | Gained mutation: You are robust. (+10% HP) [Xom's grace]
  7476 | D:7      | Gained mutation: You are mostly covered in iridescent
                  | scales. (AC +4) [Xom's grace]
  7591 | D:8      | Found a blossoming altar of Fedhas.
  7613 | D:8      | Noticed an oklob plant
  7801 | D:8      | XOM: divination: magic mapping
  7810 | D:8      | Reached XP level 10. HP: 81/96 MP: 6/9
  7999 | D:8      | XOM: silly message
  8026 | D:8      | Noticed Pikel
  8032 | D:8      | XOM: enchant monster (bad)
  8034 | D:8      | XOM: 1-stop teleportation journey
  8186 | D:8      | XOM: divination: magic mapping
  8245 | D:8      | XOM: 4-stop teleportation journey
  8259 | D:8      | Killed Pikel
  8260 | D:8      | Reached skill level 11 in Armour
  8732 | D:9      | XOM: smoke on damage
  8735 | D:9      | XOM: polymorph centaur -> orc
  8849 | D:9      | Noticed Erica
  8858 | D:9      | Killed Erica
  8933 | D:9      | Noticed an elephant
  8941 | D:9      | Killed an elephant
  8942 | D:9      | Found a staircase to the Lair.
  8944 | D:9      | Reached skill level 5 in Staves
  8957 | D:9      | Noticed a death yak
  8959 | D:9      | Reached skill level 10 in Fighting
  8972 | D:9      | XOM: silly message
  8974 | D:9      | HP: 5/102 [death yak (10)]
  8976 | D:9      | Killed a death yak
  9475 | D:9      | Found Ylaitauz's Mass Market.
  9487 | D:9      | XOM: silly message
  9495 | D:9      | Reached XP level 11. HP: 108/111 MP: 10/10
  9790 | D:10     | Entered Level 10 of the Dungeon
  9987 | D:10     | XOM: cast spell 'Summon Small Mammal'
 10074 | D:10     | Found a hide-covered altar of Uskayaw.
 10235 | D:10     | XOM: silly message
 10421 | D:10     | XOM: noise
 10489 | D:10     | XOM: god gift: 20 sling bullets
 10616 | D:11     | Reached skill level 12 in Armour
 10618 | D:11     | XOM: scenery: summon butterflies
 10626 | D:11     | XOM: enchant monster (good)
 10708 | D:11     | Noticed a two-headed ogre
 10713 | D:11     | Killed a two-headed ogre
 10896 | D:11     | Identified 2 scrolls of acquirement
 10897 | D:11     | Acquired a manual of Dodging
 10901 | D:11     | Acquired 986 gold pieces
 11063 | D:11     | Noticed a cyan ugly thing
 11070 | D:11     | Killed a cyan ugly thing
 11071 | D:11     | Reached skill level 10 in Staves
 11318 | D:11     | XOM: silly message
 11483 | D:12     | Noticed Jorgrun
 11489 | D:12     | XOM: destruction
 11491 | D:12     | XOM: scenery: summon butterflies
 11494 | D:12     | XOM: scenery: create altars
 11499 | D:12     | Noticed a skeletal warrior
 11504 | D:12     | Noticed a five-headed hydra
 11508 | D:12     | HP: 4/112 [skeletal warrior (23)]
 11509 | D:12     | Slain by a flying skull

Illustrated notes

Levels and vault maps discovered:
D:1:      saegor_arrival_simple_e, layout_loops_ring, hex_tiny,
          serial_bayou_pond_c
D:2:      layout_basic
D:3:      cheibrodos_old_hovel, layout_basic, grunt_temple_overflow_open,
          serial_bayou_crossing
D:4:      layout_loops_cross, mainiacjoe_overflow_surrounded_room,
          amcnicky_altar_gilded, grunt_decor_clamped, minmay_misc_feat_square,
          uniq_crazy_yiuf_cottage, uniq_grinder, uniq_natasha, uniq_menkaure
D:5:      layout_layer_cave, minmay_large_rounded_square
D:6:      minmay_goblin_kobold_castle, layout_cave_pods, bloody_trog,
          temple_statues
D:7:      layout_loops_ring, okawaru_trees_2, hellmonk_guarded_unrand_zhor
D:8:      layout_loops_cross, tgw_fedhas, minivault_25, uniq_pikel
D:9:      layout_loops_ring, david_lair_generic, minmay_shop_mass,
          introduction_to_nature_2, uniq_erica
D:10:     layout_gridville, kennysheep_mini, chequers_mini_garden
D:11:     layout_long_grid
D:12:     nicolae_whirlpool, layout_cave_pods,
          kennysheep_orc_monster_closet_entryway, gammafunk_ghost_nasty_kobolds,
          minmay_guarded_unrand_skullcrusher, uniq_frances, uniq_jorgrun

Skill      XL: |  1  2  3  4  5  6  7  8  9 10 11 |
---------------+----------------------------------+-----
Polearms       | 4 5 6 8 9 10 | 10.9
Armour         | 1 2 3 4 5 6 8 10 11 12 | 12.4
Fighting       | 3 4 5 6 8 10 11 | 11.5
Dodging        | 4 |  4.9
Staves         | 2 6 10 | 10.6
Throwing       | |  2.0
Stealth        | |  0.1

Action                   |  1- 3 |  4- 6 |  7- 9 | 10-12 || total
-------------------------+-------+-------+-------+-------++-------
Melee: Trident           |   101 |    47 |    34 |       ||   182
       Headbutt          |    12 |     8 |    39 |    68 ||   127
       Quarterstaff      |       |       |   181 |   213 ||   394
       Mace              |       |       |     3 |       ||     3
       Kick              |       |       |    67 |   108 ||   175
  Use: Scroll            |       |       |    11 |     4 ||    15
       Potion            |       |       |     2 |     5 ||     7
 Stab: Sleeping          |     1 |     1 |       |     1 ||     3
       Distracted        |     1 |       |       |       ||     1
       Confused          |       |       |     6 |     1 ||     7
       Petrifying        |       |       |     1 |       ||     1
       Paralysed         |       |       |       |     1 ||     1
Armor: Leather armour    |    12 |       |       |       ||    12
       Ring mail         |     7 |    10 |    37 |       ||    54
       Chain mail        |       |       |    33 |       ||    33
       Animal skin       |       |       |     9 |    78 ||    87
Dodge: Dodged            |    46 |    20 |   126 |   124 ||   316

Table legend: (Time is in decaauts)
 A = Elapsed time spent in this place.
 B = Non-inter-level travel time spent in this place.
 C = Inter-level travel time spent in this place.
 D = Time resting spent in this place.
 E = Time spent auto-exploring this place.
 F = Levels seen in this place.
 G = Mean time per level.
                   A        B        C        D        E       F      G
               +--------+--------+--------+--------+--------+-----+--------+
         Total |  11498 |  10881 |    617 |      0 |   9533 |  12 |  958.2 |
       Dungeon |  11498 |  10881 |    617 |      0 |   9533 |  12 |  958.2 |
               +--------+--------+--------+--------+--------+-----+--------+

Top non-repeatable levels by time:
     D:6: 1750 daAuts
     D:4: 1588 daAuts
     D:5: 1185 daAuts
     D:8: 1158 daAuts
     D:9: 1131 daAuts
    D:11: 918 daAuts
     D:1: 780 daAuts
     D:2: 763 daAuts
     D:7: 750 daAuts
    D:10: 731 daAuts
     D:3: 701 daAuts
    D:12: 39 daAuts
